 Dungeon Crawl Stone Soup version 0.25.1-11-g244df3a29b (webtiles) character file.

Game seed: 2785870421439221494

54 DeepDeath the Chopper (level 3, -1/34 HPs)
             Began as a Deep Dwarf Berserker on Dec 24, 2023.
             Was a Believer of Trog.
             Slain by a worm (10 damage)
             ... on level 2 of the Dungeon.
             The game lasted 00:03:25 (1390 turns).

DeepDeath the Chopper (Deep Dwarf Berserker)        Turns: 1390, Time: 00:03:25

Health: -1/34      AC:  3    Str: 27    XL:     3   Next: 66%
Magic:  2/2        EV: 16    Int:  7    God:    Trog [**....]
Gold:   63         SH:  0    Dex: 12    Spells: 2/2 levels left

rFire    . . .     SeeInvis .   d - -1 hand axe (curse)
rCold    . . .     Gourm    .   (no shield)
rNeg     . . .     Faith    .   h - +0 leather armour (curse)
rPois    .         Spirit   .   (no helmet)
rElec    .         Reflect  .   (no cloak)
rCorr    .         Harm     .   (no gloves)
MR       .....                  (no boots)
Stlth    +.........             (no amulet)
HPRegen  0.00/turn              e - +4 ring of evasion
MPRegen  0.08/turn              k - +6 ring of strength

@: non-regenerating
A: damage resistance, heal wounds, sense surroundings 1, no regeneration
a: Heal Wounds, Berserk, Trog's Hand, Renounce Religion


You were on level 2 of the Dungeon.
You worshipped Trog.
Trog was pleased with you.
You were not hungry.

You visited 1 branch of the dungeon, and saw 2 of its levels.

You collected 63 gold pieces.

Inventory:

Hand Weapons
 a - a +0 hand axe
 d - a cursed -1 hand axe (weapon)
Missiles
 i - 22 stones (quivered)
 l - 20 sling bullets
 n - 45 arrows
 o - 22 bolts
Armour
 h - a cursed +0 leather armour (worn)
 m - a +3 leather armour
Jewellery
 e - a +4 ring of evasion (left hand)
 k - a +6 ring of strength (right hand)
Scrolls
 p - a scroll of teleportation
Potions
 b - a potion of might {unknown}
 f - 3 potions of curing {unknown}
 g - a potion of heal wounds {unknown}
 j - a potion of invisibility {unknown}
 q - a potion of stabbing {unknown}
Comestibles
 c - 3 rations
 r - 2 chunks of flesh


   Skills:
 - Level 3.0 Fighting
 * Level 4.7 Axes
 - Level 1.0 Throwing
 - Level 2.1 Armour
 - Level 2.1 Dodging


You had 2 spell levels left.
You didn't know any spells.
Your spell library was empty.

Dungeon Overview and Level Annotations

Branches:
Dungeon (2/15)

Altars:


Innate Abilities, Weirdness & Mutations

You are resistant to damage.
You can heal yourself by infusing magical energy.
You passively map a small area around you.
You do not regenerate.


Message History

n - 45 arrows (gained 20) Eating one of 3 chunks of flesh.
You eat one of the 3 chunks of flesh.
This raw flesh tastes terrible.
Found a stone staircase leading down.
A worm comes into view.
A worm is nearby!
A worm is nearby!
A worm is nearby!
You fail to use your ability.
You are too injured to fight recklessly!
You are too injured to fight recklessly!
Your leather armour prevents you from hitting the worm.
The worm bites you!
* * * LOW HITPOINT WARNING * * *
You slash the worm!
The worm is heavily wounded.
You barely miss the worm.
The worm is heavily wounded.
The worm bites you!
You die...

#.### , ,*
#.##..>## #.#
#.#.###.# #.# *#+ *
#...# #.# #.# #.
###.###.# #.# *
#####. ##...## #.#
, ......## ##.##
#####...####### #.#
..............# #.#
*
####..@#####.####.#
, ##w## #......# #.
######## , .. * ###


You could see a worm.

Vanquished Creatures
  An adder (D:2)
  2 worms (D:2)
  A dart slug (D:2)
  3 leopard geckos
  7 bats
  A giant cockroach (D:2)
  A goblin (D:1)
  5 hobgoblins
  2 jackals (D:2)
  A ball python (D:1)
  3 frilled lizards
  2 kobolds
  5 rats
34 creatures vanquished.

Notes
Turn   | Place    | Note
-------+----------+-------------------------------------------
     0 | D:1      | DeepDeath the Deep Dwarf Berserker began the quest for the
                  | Orb.
     0 | D:1      | Reached XP level 1. HP: 20/20 MP: 1/1
   417 | D:1      | Reached XP level 2. HP: 20/27 MP: 2/2
   771 | D:2      | Reached skill level 4 in Axes
   810 | D:2      | Reached skill level 1 in Throwing
   851 | D:2      | Reached XP level 3. HP: 25/34 MP: 2/2
  1182 | D:2      | Reached ** piety under Trog
  1390 | D:2      | Slain by a worm

Illustrated notes

Levels and vault maps discovered:
D:1:      dpeg_arrival_ternary, layout_basic
D:2:      layout_loops_corners

Skill      XL: |  1  2 |
---------------+-------+-----
Fighting       | 3 |  3.0
Axes           | 4 |  4.7
Throwing       | 1 |  1.0
Armour         | |  2.1
Dodging        | |  2.1

Action                   || total
-------------------------++-------
Melee: Hand axe          ||   159
Throw: Stone             ||     1
Invok: Berserk           ||     1
 Abil: Heal Wounds       ||     1
  Use: Scroll            ||     2
  Eat: Chunk             ||     3
Armor: Animal skin       ||     2
       Leather armour    ||    35
Dodge: Dodged            ||   159
